[Event "15th Arad Open 2022"]
[Site "Arad"]
[Date "2022.08.11"]
[Round "6.9"]
[White "Paraschiv, Paul-Alexandru"]
[Black "Samu, Sorin-Mihai"]
[Result "1-0"]
[ECO "B20"]
[WhiteElo "2181"]
[BlackElo "1952"]
[Annotator "TA"]
[PlyCount "83"]
[EventDate "2022.08.08"]
[EventType "swiss"]
[EventCountry "ROU"]
[SourceTitle "playchess.com"]
[Source "ChessBase"]
[SourceQuality "1"]
[TimeControl "5400+30"]

1. e4 c5 2. b3 Nc6 3. Bb2 e5 4. Bc4 Nf6 5. d3 Be7 6. Nc3 {[%emt 0:00:32] B20: Sicilian: Unusual White 2nd moves.} O-O 7. Nge2 d6 8. O-O {[%emt 0:00:59] The position is equal.} Be6 9. f4 exf4 10. Nxf4 Qd7 11. Ncd5 {[%emt 0:02:03] [#] Hoping for Nxf6+.} Ne5 {[%emt 0:00:55] [#]} 12. a4 $146 ({Predecessor:} 12. Nxe7+ Qxe7 13. Qe1 Nxc4 14. bxc4 Nd7 15. e5 dxe5 16. Bxe5 Bxc4 17. Bc3 Qxe1 18. Rfxe1 {1-0 (41) Shengelia,D (2572)-Eggleston,D (2330) Banyoles 2007}) 12... Bd8 (12... Nxd5 $14 13. Nxd5 (13. Bxd5 Bg5 $11) 13... Bg5) 13. Qe1 Nxc4 $2 {[%emt 0:01:31][%mdl 8192] [#]} (13... Bxd5 $16 14. Nxd5 (14. Bxd5 Kh8 $16) 14... Nxd5) 14. bxc4 $2 (14. dxc4 Bxd5 15. Nxd5 Nxd5 16. exd5 (16. cxd5 f6 $14) 16... Qg4 $14) (14. Nxf6+ $1 $18 {and the rest is easy.} Bxf6 15. Bxf6) 14... Bxd5 $16 15. cxd5 c4 16. Qg3 (16. dxc4 $6 Rc8 $11) ({White should try} 16. h3 $16) 16... Rc8 17. Bd4 {[%emt 0:01:30] White is more active.} Bb6 {[%emt 0:03:32] Black is on the road to losing.} (17... Qg4 $14) 18. Bxb6 axb6 19. Ne2 $40 {[%emt 0:01:01][%cal Bf4e2,Be2d4,Bd4f5][%mdl 160] And now Rxf6 would win. White is out for blood.} Qe7 (19... Qg4 $16) 20. Nd4 $18 {[%emt 0:01:11] aiming for Nf5.} Ne8 21. Nf5 Qd7 22. Rab1 g6 23. Rxb6 cxd3 24. cxd3 Rc3 (24... Ra8 {is a better defense.} 25. h3 (25. Nxd6 Nxd6 26. Qxd6 Qxd6 $18) 25... Rxa4) 25. Rbb1 {[%emt 1:13:51] Black must now prevent e5.} (25. Nxd6 Nxd6 26. Qxd6 (26. Rxd6 Qxa4 27. h3 Qd4+ 28. Qf2 Rxd3 $14) 26... Qxa4 $14) 25... Kh8 26. Nd4 Kg8 27. Nb5 Rc2 28. h3 Qc8 (28... Ra2 $142 29. Rb4 Qd8) 29. Kh2 ({Not} 29. Nxd6 Qc5+ 30. Kh2 Nxd6 $17) 29... Qc5 (29... Qd8 {might work better.} 30. Na3 Rc7) 30. d4 Qb6 (30... Qc8 31. Nxd6 Nxd6) 31. Na3 Rb2 32. Nc4 Rxb1 33. Nxb6 Rxb6 34. a5 Rb5 35. Qa3 Kg7 36. Qa4 Rb2 37. e5 Re2 38. Qb5 Re3 39. e6 Nf6 40. Qxb7 Re4 41. a6 Rxd4 42. Qb2 {[%emt 0:00:00] Weighted Error Value: White=0.29 (precise) /Black=0.51} 1-0

[Event "15th Arad Open 2022"]
[Site "Arad"]
[Date "2022.08.11"]
[Round "6.10"]
[White "Tablan, Matei-Christian"]
[Black "Kazarian, Anna-Maja"]
[Result "1/2-1/2"]
[ECO "D00"]
[WhiteElo "1928"]
[BlackElo "2139"]
[Annotator "TA"]
[PlyCount "65"]
[EventDate "2022.08.08"]
[EventType "swiss"]
[EventCountry "ROU"]
[SourceTitle "playchess.com"]
[Source "ChessBase"]
[SourceQuality "1"]
[TimeControl "5400+30"]

1. d4 Nf6 2. Bg5 e6 3. Nd2 d5 4. e3 c5 5. c3 Nbd7 6. f4 {[%emt 0:01:59] D00: 1 d4 d5: Unusual lines.} Bd6 7. Bd3 h6 8. Bxf6 Nxf6 9. Ngf3 Qb6 10. Rb1 cxd4 11. cxd4 Bd7 {[%emt 0:05:57] [#]} 12. O-O $146 ({Predecessor:} 12. Qe2 a6 13. O-O Bb5 14. Ne5 O-O 15. Rfc1 Rfc8 16. a3 Bxd3 17. Nxd3 Qb5 18. Kf1 {1-0 (69) Puranen,J (2340)-Lokotar,E (2330) Helsinki 1993}) 12... Bb5 13. Qb3 Bxd3 14. Qxd3 O-O 15. Ne5 Bb4 (15... Rfc8 $17) 16. Ndf3 Rfc8 17. g4 Ne4 18. g5 Qc7 19. g6 (19. Qd1 $11 {remains equal.}) 19... fxg6 ({Black should play} 19... f6 $17 20. Ng4 Qc2) 20. Qb5 Qb6 (20... Bd2 $17 21. Nxd2 Nxd2) 21. Qe2 $11 Qd8 22. Qg2 g5 23. Qg4 {[%emt 0:01:28] The position is equal.} Qe7 24. fxg5 Nxg5 25. Ng6 Nxf3+ 26. Rxf3 Qg5 27. Qxg5 hxg5 28. Rh3 {[%emt 0:00:07] [#] White threatens Rf1 and mate.} Kf7 $1 29. Ne5+ Kg8 30. Ng6 {[%emt 0:00:50] Intending Rf1 and mate.} Kf7 $1 31. Ne5+ Kg8 32. Ng6 {[%emt 0:00:05] [#] Rf1 would kill now.} Kf7 $1 33. Ne5+ {[%emt 0:00:05] Weighted Error Value: White=0.14 (very precise) /Black=0.11 (very precise)} 1/2-1/2

[Event "15th Arad Open 2022"]
[Site "Arad"]
[Date "2022.08.11"]
[Round "6.11"]
[White "Magold, Victor"]
[Black "Ciocani, Iosif"]
[Result "1/2-1/2"]
[ECO "E11"]
[WhiteElo "2074"]
[BlackElo "2012"]
[Annotator "NA RC"]
[PlyCount "62"]
[EventDate "2022.08.08"]
[EventType "swiss"]
[EventCountry "ROU"]
[SourceTitle "playchess.com"]
[Source "ChessBase"]
[SourceQuality "1"]
[TimeControl "5400+30"]

1. d4 Nf6 2. Nf3 e6 3. c4 Bb4+ 4. Bd2 Bxd2+ 5. Nbxd2 d6 6. g3 O-O 7. Bg2 Re8 8. O-O e5 9. dxe5 dxe5 10. Nb3 Qe7 11. Qc2 Nc6 12. Rac1 (12. Rad1 $15) 12... e4 (12... Nb4 $15 13. Qb1 a5) 13. Nfd4 Nb4 14. Qb1 $1 c5 15. Nc2 (15. a3 $15) 15... Nxc2 16. Qxc2 Bf5 17. Qc3 Rad8 18. Rcd1 b6 19. Na1 Bg4 20. Rxd8 Rxd8 21. Re1 Qd7 22. f3 exf3 23. exf3 $17 Be6 24. Bf1 Qd2 25. Nc2 Qxc3 26. bxc3 Rd2 27. Re2 Rd1 28. Re1 Rxe1 29. Nxe1 Nd7 30. f4 Nf6 31. Bd3 g6 1/2-1/2

[Event "15th Arad Open 2022"]
[Site "Arad"]
[Date "2022.08.11"]
[Round "6.12"]
[White "Capragiu, Matei-Stefan"]
[Black "Coicev, Matei-Andrei"]
[Result "0-1"]
[ECO "A73"]
[WhiteElo "1925"]
[BlackElo "2087"]
[Annotator "NA RC"]
[PlyCount "70"]
[EventDate "2022.08.08"]
[EventType "swiss"]
[EventCountry "ROU"]
[SourceTitle "playchess.com"]
[Source "ChessBase"]
[SourceQuality "1"]
[TimeControl "5400+30"]

1. d4 Nf6 2. c4 g6 3. Nc3 Bg7 4. e4 d6 5. Be2 O-O 6. Nf3 c5 7. d5 Bg4 8. Nd2 Bxe2 9. Qxe2 e6 10. O-O exd5 11. cxd5 Re8 12. f3 Nbd7 13. Nc4 Nb6 14. Nxb6 Qxb6 15. Qb5 {[%emt 0:01:04] [#]} (15. a4 $11 {remains equal.}) 15... Nxd5 $1 16. Qc4 ({Don't go for} 16. exd5 $2 Bxc3 17. Qxb6 Bd4+ 18. Kh1 axb6 $19) (16. Qxb6 $17 Nxb6 17. Rd1) 16... Nxc3 17. bxc3 {[%emt 0:00:07] [#]} Qa5 $1 18. Rb1 Qxc3 19. Qxc3 Bxc3 20. Rxb7 Bd4+ 21. Kh1 Rab8 22. Rd7 Red8 $19 (22... Rb1 $142 23. Rxd6 Ra1) 23. Rxa7 Rb1 24. Ra4 Rdb8 25. g3 Ra1 26. Kg2 Rb4 27. Ra6 h5 28. Be3 Rb2+ 29. Rf2 Rg1+ 30. Kh3 Rxf2 31. Bxf2 Bxf2 32. Rxd6 Bd4 33. f4 Ra1 34. Ra6 c4 35. Ra4 c3 0-1

[Event "15th Arad Open 2022"]
[Site "Arad"]
[Date "2022.08.11"]
[Round "6.13"]
[White "Herczeg, Marcell"]
[Black "Tamas, Christian-Arrydan"]
[Result "1-0"]
[ECO "B33"]
[WhiteElo "2044"]
[BlackElo "1913"]
[Annotator "NA RC"]
[PlyCount "75"]
[EventDate "2022.08.08"]
[EventType "swiss"]
[EventCountry "ROU"]
[SourceTitle "playchess.com"]
[Source "ChessBase"]
[SourceQuality "1"]
[TimeControl "5400+30"]

1. e4 c5 2. Nf3 Nc6 3. d4 cxd4 4. Nxd4 Nf6 5. Nc3 e5 6. Ndb5 d6 7. Bg5 a6 8. Na3 b5 9. Nd5 Be7 10. Bxf6 Bxf6 11. c3 Bg5 12. Nc2 Rb8 13. a4 bxa4 14. Ncb4 Nxb4 15. Nxb4 Bd7 16. Bxa6 Qa5 17. Bd3 Rxb4 18. cxb4 Qxb4+ 19. Kf1 O-O 20. Qe2 {[%emt 0:00:00] [#]} (20. g3 $1 $11 {keeps the balance.}) 20... Bd8 (20... Rb8 $1 $17 21. h4 Bd8) 21. Rc1 $1 Bb6 22. Rc4 Qa5 23. g4 Bd4 24. Kg2 Rb8 25. Rhc1 g6 26. R1c2 Qb6 27. Rc7 Be6 28. R7c6 $11 Qb4 29. Bc4 Bxc4 30. R6xc4 Qb7 31. Qf3 Bxb2 32. Rxa4 Rc8 33. Ra7 Qxa7 34. Rxc8+ Kg7 35. g5 Qe7 36. Qg4 Qb7 37. Rd8 Qb6 38. Qc8 1-0

[Event "15th Arad Open 2022"]
[Site "Arad"]
[Date "2022.08.11"]
[Round "6.14"]
[White "Moerman, Thomas"]
[Black "Butolo, Alexandru-Mircea"]
[Result "0-1"]
[ECO "E04"]
[WhiteElo "2026"]
[BlackElo "1863"]
[Annotator "NA RC"]
[PlyCount "120"]
[EventDate "2022.08.08"]
[EventType "swiss"]
[EventCountry "ROU"]
[SourceTitle "playchess.com"]
[Source "ChessBase"]
[SourceQuality "1"]
[TimeControl "5400+30"]

1. d4 Nf6 2. c4 e6 3. g3 d5 4. Bg2 c6 5. Nf3 dxc4 6. O-O Nbd7 7. a4 Bd6 8. Nbd2 O-O 9. e4 Bb4 10. Qc2 b5 11. e5 Nd5 12. Ne4 h6 13. g4 Be7 (13... a5 $11 {remains equal.}) 14. g5 h5 $1 15. Nh4 Qb6 (15... c5 $11) 16. Qd1 ({Better is} 16. axb5 Qxd4 17. Rd1) 16... g6 17. Nf6+ Kg7 $16 (17... Bxf6 18. gxf6 Rb8 19. Bxd5 Nxf6 20. exf6 $18) 18. Be3 Rd8 19. Be4 Bb7 20. Qb1 Nf8 21. Ng2 a6 22. Rc1 Rac8 23. Qa2 Nxe3 24. fxe3 Ra8 25. b3 c5 26. bxc4 Bxe4 27. Nxe4 cxd4 28. Qe2 d3 29. Qf3 Nd7 30. Qf4 Qb8 31. Nd6 Bxd6 32. exd6 e5 33. Qf3 Qxd6 34. axb5 Nc5 35. Rf1 Qe6 36. e4 axb5 37. Rxa8 Rxa8 38. cxb5 Rd8 39. Ne3 d2 40. Nd1 Qg4+ 41. Qxg4 hxg4 42. Nf2 Nxe4 43. Nxe4 d1=Q 44. Rxd1 Rxd1+ 45. Kf2 Rb1 46. Nd6 Rb3 47. Ne8+ Kf8 48. Nf6 Rxb5 49. Nxg4 Ke7 50. Kf3 Ke6 51. h4 Rb4 52. Kg3 Rxg4+ 53. Kxg4 e4 54. Kf4 Kd5 55. h5 gxh5 56. Kf5 e3 57. Kf6 e2 58. Kxf7 e1=Q 59. g6 h4 60. g7 Qg1 0-1

[Event "15th Arad Open 2022"]
[Site "Arad"]
[Date "2022.08.11"]
[Round "6.15"]
[White "Parasca, Claudiu"]
[Black "Ambru, Dan-Calin"]
[Result "0-1"]
[ECO "A49"]
[WhiteElo "1784"]
[BlackElo "2001"]
[Annotator "NA RC"]
[PlyCount "100"]
[EventDate "2022.08.08"]
[EventType "swiss"]
[EventCountry "ROU"]
[SourceTitle "playchess.com"]
[Source "ChessBase"]
[SourceQuality "1"]
[TimeControl "5400+30"]

1. d4 Nf6 2. Nf3 g6 3. g3 Bg7 4. Bg2 d6 5. O-O O-O 6. Nbd2 Nc6 7. c3 e5 8. e3 Qe7 9. Ng5 {[%emt 0:00:42] [#]} h6 $11 ({Black should play} 9... d5 $1 $17) 10. Nge4 Nxe4 11. Nxe4 f5 12. Nd2 e4 13. Re1 Nd8 14. b4 d5 15. a4 g5 16. Nf1 ({Better is} 16. Ba3 $11) 16... g4 17. b5 Qf7 18. Qb3 Be6 19. Ba3 Re8 20. Nd2 Qh5 21. Rec1 Nf7 22. Qd1 Ng5 23. Bf1 Rad8 24. Bb4 Qf7 25. Ra2 Rd7 26. Rac2 Red8 27. Bg2 Qh5 28. Ra1 Nf3+ 29. Nxf3 gxf3 30. Bf1 Qg6 31. Qe1 Re8 32. Rac1 h5 33. c4 dxc4 34. Bxc4 Bxc4 35. Rxc4 Rc8 36. a5 h4 37. R1c2 f4 38. b6 axb6 39. axb6 Qxb6 40. Bc5 Qg6 41. exf4 b6 42. Ba3 hxg3 43. hxg3 Bxd4 44. Rxd4 Rxd4 45. Rc1 Rcd8 46. Qf1 e3 47. Bb2 e2 48. Qh3 Rd1+ 49. Kh2 Qh7 50. Rxc7 Rh1+ 0-1

[Event "15th Arad Open 2022"]
[Site "Arad"]
[Date "2022.08.11"]
[Round "6.16"]
[White "Matasaru, Stephanie"]
[Black "Chima, Radu-Niculin"]
[Result "1-0"]
[ECO "B04"]
[WhiteElo "1885"]
[BlackElo "2005"]
[Annotator "TA"]
[PlyCount "69"]
[EventDate "2022.08.08"]
[EventType "swiss"]
[EventCountry "ROU"]
[SourceTitle "playchess.com"]
[Source "ChessBase"]
[SourceQuality "1"]
[TimeControl "5400+30"]

1. e4 Nf6 2. e5 Nd5 3. d4 d6 4. c4 Nb6 5. exd6 cxd6 6. Nc3 g6 7. Be3 Bg7 8. h3 O-O 9. Nf3 Nc6 10. d5 {[%emt 0:00:52] B04: Alekhine's Defence: 4 Nf3.} Ne5 (10... Na5 {is more appropriate.}) 11. Nxe5 $11 Bxe5 12. Rc1 {[%emt 0:00:31] The position is equal.} Nd7 (12... e6 $11) 13. Be2 $14 {[%emt 0:01:44] [#] White is more active.} a5 $146 ({Predecessor:} 13... Bg7 14. O-O a6 15. Re1 Nf6 16. Bf1 Bd7 17. Qb3 Bc8 18. Bb6 Qd7 19. Na4 e5 20. dxe6 fxe6 {1-0 (39) Toma,K (2259)-Golek,J (2044) Krakow 2008}) 14. O-O Nc5 15. f4 Bg7 16. Kh2 Bd7 17. Bd4 Bh6 18. Bg4 f5 19. Be2 Qc7 20. Nb5 (20. b3) 20... Qd8 21. Bc3 Rf7 22. Nd4 Ne4 23. Bd3 Nxc3 24. bxc3 a4 25. Rb1 Qa5 (25... b6 $14) 26. Rxb7 $16 e5 $2 {[%emt 0:01:11][%mdl 8192] [#] Black cannot hold the game after this.} (26... Ra7 $16 {is more resistant.} 27. Rb4 Bg7) 27. dxe6 $18 Bxe6 28. Rb5 Qxc3 29. Nxe6 Re8 30. Ng5 Rfe7 31. Bc2 Qxc4 32. Qd5+ Qxd5 33. Rxd5 Re2 (33... Ra7 {was called for.} 34. Rxd6 Bxg5 35. fxg5 Kf8) 34. Bxa4 Rxa2 35. Bxe8 {[%emt 0:00:13] Weighted Error Value: White=0.14 (very precise) /Black=0.56} 1-0

[Event "15th Arad Open 2022"]
[Site "Arad"]
[Date "2022.08.11"]
[Round "6.17"]
[White "Ungureanu, Sandu"]
[Black "Cazan, Andrei"]
[Result "1-0"]
[ECO "E61"]
[WhiteElo "2011"]
[BlackElo "1833"]
[Annotator "NA RC"]
[PlyCount "109"]
[EventDate "2022.08.08"]
[EventType "swiss"]
[EventCountry "ROU"]
[SourceTitle "playchess.com"]
[Source "ChessBase"]
[SourceQuality "1"]
[TimeControl "5400+30"]

1. g3 g6 2. Bg2 Bg7 3. d4 Nf6 4. c4 d6 5. Nc3 Nbd7 6. Bg5 h6 7. Bxf6 Nxf6 8. e4 O-O 9. h3 e5 10. dxe5 dxe5 11. Qxd8 Rxd8 12. Nf3 Ne8 13. Ke2 Be6 14. b3 Rd7 15. Rhd1 Rad8 16. Rxd7 Rxd7 17. Ne1 c6 18. Nd3 b6 19. Nb4 Rc7 20. Rd1 Kf8 21. Na6 Rc8 22. Bf1 Ke7 23. c5 Nc7 24. Nb4 Bd7 25. cxb6 axb6 26. a4 Ne6 27. Nc2 $17 Nd4+ 28. Nxd4 exd4 29. Na2 Be6 30. Rb1 c5 31. Kd2 f5 32. exf5 Bxf5 33. Bd3 Bxh3 34. Bxg6 Rf8 35. f4 Kd6 36. Re1 Be6 37. Nc1 Rb8 38. Bd3 Bd7 39. Bc4 Re8 40. Rxe8 Bxe8 41. Nd3 Bd7 42. Nf2 Be6 43. Ne4+ Ke7 44. Bxe6 Kxe6 45. g4 Kd5 46. Kd3 Bh8 47. Ng3 Bg7 48. Nh5 Bf8 49. g5 hxg5 50. fxg5 Ke6 51. Nf4+ Kf5 52. Nd5 Kxg5 53. Nxb6 Bd6 54. Nd7 Kf5 55. a5 1-0

[Event "15th Arad Open 2022"]
[Site "Arad"]
[Date "2022.08.11"]
[Round "6.18"]
[White "Dinca, Ovidiu"]
[Black "Ionescu, Irina"]
[Result "0-1"]
[ECO "B01"]
[WhiteElo "1831"]
[BlackElo "2125"]
[Annotator "TA"]
[PlyCount "126"]
[EventDate "2022.08.08"]
[EventType "swiss"]
[EventCountry "ROU"]
[SourceTitle "playchess.com"]
[Source "ChessBase"]
[SourceQuality "1"]
[TimeControl "5400+30"]

1. e4 d5 2. exd5 Qxd5 3. Nf3 Bg4 4. Be2 Nc6 5. O-O O-O-O 6. h3 {[%emt 0:02:54] B01: Scandinavian Defence.} Bh5 7. Nc3 Qd7 8. d3 {[%emt 0:07:51][%cal Ob2b4] White has an edge.} Nf6 9. Be3 e5 10. a3 {[%emt 0:01:33] [#]} h6 $146 ({Predecessor:} 10... Bd6 11. b4 Rhe8 12. Ne4 Kb8 13. Re1 h6 14. Rb1 Nxe4 15. dxe4 Qe6 16. Nd2 Bxe2 17. Qxe2 {½-½ (27) Agulnick,M (1937)-Wittal,W (2114) IECC email 2018}) 11. b4 g5 12. b5 Bxf3 13. Bxf3 Nd4 14. Bxd4 (14. Rb1 $11 {feels stronger.}) 14... exd4 $15 15. Ne4 Nxe4 16. dxe4 Kb8 17. Qe2 Bg7 18. Rab1 Rhe8 19. Qc4 Re5 20. a4 Qe7 21. a5 Rc5 22. Qb4 Qe5 23. b6 (23. Qa4 $11 {is superior.}) 23... cxb6 $1 (23... Rxa5 24. bxc7+ Qxc7 25. e5 $16) (23... axb6 24. axb6 cxb6 25. Qxb6 $11) 24. axb6 a6 25. Qb3 Qe6 26. Qa4 Qc4 27. Qa3 Bf8 (27... Qxc2 $2 28. Rbc1 Qxc1 29. Rxc1 $18) 28. Qa1 Bd6 29. Rfd1 Be5 30. Qa3 {[%emt 0:00:00] Inhibits d3.} Rdc8 (30... Qxc2 $2 31. Rbc1 Qxc1 32. Rxc1 $18) 31. Bg4 R8c6 32. Rb2 ({White should try} 32. Rf1 $15) 32... Qc3 $17 33. Qa2 (33. Rb3 $17 Qxc2 34. g3) 33... Qc4 $2 (33... d3 $1 $19 34. Rb3 Qxc2) 34. Qa3 $15 Qc3 $2 (34... Rd6 $15 35. Rd3 Rcc6) 35. Qa2 $19 Rf6 $2 (35... d3 $1 $19 36. Rb3 Qxc2) 36. Qb1 Rcc6 37. Rd3 Qc5 38. Bf5 (38. Be2 $17) 38... Rxb6 39. Rdb3 {[%emt 0:00:18] [#]} (39. Bg4 $17 {keeps fighting.}) 39... Bc7 ({Black should play} 39... d3 $1 $19 40. c3 {[#]} (40. Rxb6 $2 {perishes.} Rxb6 41. Rxb6 dxc2 $19) 40... d2 $1 41. Rxd2 (41. Rxb6 $2 {loses.} Rxb6 42. Rxb6 Qxb6 $19) 41... Qxc3 42. Rxb6 (42. Rd8+ $2 Ka7 $19) 42... Rxb6 43. Rd8+ Ka7) 40. g3 Ka7 41. Kg2 Rxb3 {[%emt 0:00:00] Black is more active.} 42. cxb3 Rb6 43. Qd1 (43. Rc2 $17 {might work better.} Qe7 44. Rc4) 43... Be5 44. Rb1 (44. Rd2 $17 {was worth a try.}) 44... Qc3 45. Bg4 d3 {[%emt 0:00:00] Against Be2} 46. Bh5 Bd4 47. Bf3 Qc2 48. Qf1 (48. Qxc2 dxc2 49. Rc1) 48... Rxb3 49. Rxb3 Qxb3 {[%emt 0:00:05][%mdl 4096] Endgame KQB-KQB} 50. Qe1 f6 51. h4 Qc2 52. h5 d2 53. Qe2 (53. Qd1 $142 Qc3 54. e5) 53... a5 (53... d1=B $142 54. Qxd1 Qxf2+ 55. Kh1 Bb6) 54. e5 (54. Qd1 $142 Qd3 55. Qa4) 54... fxe5 {[%emt 0:00:21] And now ...a4 would win.} 55. Qb5 Qc7 (55... Bb6 $142 {( -> ...e4)} 56. Qd5 e4) 56. Qd3 Bc3 {[%emt 0:01:27] Hoping for ...a4.} 57. Qe3+ Kb8 58. Qd3 (58. Qe4 $142) 58... a4 {[%emt 0:00:58][%cal Og5g4,Ba5a4,Ba4a3][%mdl 32] aiming for ...g4!} 59. Qb5 a3 60. Qb3 g4 61. Be4 Bd4 {[%emt 0:00:12] Black mates.} 62. Bc2 Qc6+ 63. Kg1 Qf3 {[%emt 0:02:24] Weighted Error Value: White=0.73/Black=0.57} 0-1

[Event "15th Arad Open 2022"]
[Site "Arad"]
[Date "2022.08.11"]
[Round "6.19"]
[White "Panc, Samuel"]
[Black "Deac, David"]
[Result "1-0"]
[ECO "B20"]
[WhiteElo "1927"]
[BlackElo "1829"]
[Annotator "NA RC"]
[PlyCount "71"]
[EventDate "2022.08.08"]
[EventType "swiss"]
[EventCountry "ROU"]
[SourceTitle "playchess.com"]
[Source "ChessBase"]
[SourceQuality "1"]
[TimeControl "5400+30"]

1. e4 c5 2. d3 Nc6 3. g3 g6 4. Bg2 Bg7 5. c3 Nf6 6. f4 d6 7. Nh3 O-O 8. O-O e5 9. f5 h6 10. g4 Nh7 11. Be3 b6 12. Qd2 g5 13. Nf2 Bf6 14. Nh1 Be7 15. Ng3 Nf6 16. Bf3 Bb7 17. Qg2 Ne8 18. Na3 a6 19. Bd2 b5 20. Nc2 Nf6 21. Ne3 Nb8 22. Kf2 Nbd7 23. Rh1 Ne8 24. Ke2 a5 25. h3 Rb8 26. Rh2 c4 27. f6 cxd3+ 28. Kf2 Bxf6 29. Ngf5 Kh7 30. h4 gxh4 31. Rah1 Rh8 32. Nxh6 Kxh6 33. Nf5+ Kg6 34. g5 Bg7 35. Rxh4 Rxh4 36. Rxh4 1-0

[Event "15th Arad Open 2022"]
[Site "Arad"]
[Date "2022.08.12"]
[Round "7.1"]
[White "Ramoutar, Alan-Safar"]
[Black "Padurean, Daniel-Cristian"]
[Result "1/2-1/2"]
[ECO "C02"]
[WhiteElo "2453"]
[BlackElo "2126"]
[Annotator "TA"]
[PlyCount "63"]
[EventDate "2022.08.08"]
[EventType "swiss"]
[EventCountry "ROU"]
[SourceTitle "playchess.com"]
[Source "ChessBase"]
[SourceQuality "1"]
[TimeControl "5400+30"]

1. e4 Nc6 2. Nf3 e6 3. d4 d5 4. e5 f6 5. c3 fxe5 6. Nxe5 {[%emt 0:00:09] [#] C02: French: Advance Variation.} Nf6 $146 (6... Nxe5 $11 {remains equal.} 7. dxe5 Ne7) ({Predecessor:} 6... Nh6 7. Bb5 Qf6 8. Nxc6 {1-0 (8) Frotscher,T (2409)-Molzahn,N (2231) ICCF email 2021}) 7. Bd3 Bd6 8. Qe2 {[%emt 0:00:30] White is slightly better.} O-O 9. O-O Ne7 10. Nd2 {[%emt 0:00:30] White is much more active.} Qe8 11. Ndf3 Qh5 12. h3 c5 13. Bf4 c4 14. Bc2 Ne4 15. Bc1 Bxe5 16. dxe5 Bd7 17. Re1 Ng6 18. Ng5 Qxe2 $11 19. Rxe2 Nxg5 20. Bxg5 Nf4 21. Re3 Rf7 22. Rd1 Raf8 23. Bh4 h6 24. Bg3 g5 25. Rd4 Be8 26. f3 Nh5 ({Better is} 26... Rc7 $15) 27. Bf2 Rf4 (27... Nf4 $11) 28. Re1 (28. Rd2 $14) 28... b6 29. Bd1 Bg6 (29... Rxd4 $1 $11 30. Bxd4 Bg6) 30. Rxf4 (30. Rd2 $14) 30... Nxf4 31. Bd4 Nd3 32. Re2 {[%emt 0:00:30] Weighted Error Value: White=0.20 (precise) /Black=0.17 (very precise)} 1/2-1/2

[Event "15th Arad Open 2022"]
[Site "Arad"]
[Date "2022.08.12"]
[Round "7.2"]
[White "Stanciu, Alexandru-Ovidiu"]
[Black "Magold, Filip"]
[Result "1-0"]
[ECO "B22"]
[WhiteElo "2326"]
[BlackElo "2247"]
[Annotator "TA"]
[PlyCount "85"]
[EventDate "2022.08.08"]
[EventType "swiss"]
[EventCountry "ROU"]
[SourceTitle "playchess.com"]
[Source "ChessBase"]
[SourceQuality "1"]
[TimeControl "5400+30"]

1. e4 c5 2. Bc4 Nc6 3. Nf3 d6 4. O-O g6 5. c3 Bg7 6. d4 cxd4 7. cxd4 Nf6 8. Nc3 O-O 9. d5 {[%emt 0:16:22] B22: Sicilian: 2 c3.} Nb8 10. h3 Nbd7 11. Be3 {[%emt 0:03:09] White is slightly better.} a6 12. a4 {[%emt 0:20:16] [#] Against b5} b6 $146 ({Predecessor:} 12... Qc7 13. Qe2 Nc5 14. a5 b5 15. axb6 Qxb6 16. Na4 Qc7 17. Nxc5 dxc5 18. e5 Nd7 {1-0 (27) Romero Holmes,A (2523)-Papathanasiou,E (1922) Rethymno 2012}) 13. Qe2 Re8 14. Rfd1 {[%emt 0:06:56] 0x0.001b83e84cfbdp-1022s more active pieces. The black rooks are badly placed.} Bb7 15. Rac1 Ne5 (15... Nc5 $16) 16. Nxe5 $18 dxe5 17. b4 Qd6 18. Qb2 Rec8 19. Bd3 e6 (19... Bf8 $16) 20. dxe6 ({White should play} 20. b5 $1 $18 ) 20... Qxe6 $16 21. Bb1 h6 (21... Qe8 $16 {was called for.}) 22. f3 Bf8 23. Ba2 Qe7 24. Qb3 ({But not} 24. Bxb6 Qxb4 25. Qxb4 Bxb4 $16) 24... Rab8 {[%emt 0:03:09] [#]} (24... Bc6 $16 {is a better defense.} 25. Bxb6 Qe8) 25. b5 $1 $18 ({Don't play} 25. Bxb6 $6 Bc6) 25... a5 (25... Qe8 $142 26. Bxb6 Kg7) 26. Rd3 (26. Bxb6 $18 {is the precise move to win.} Ra8 27. Ne2) 26... Ba8 27. Rcd1 Rc7 28. Kh2 Kg7 29. Qb2 Qe8 30. Qd2 Bb4 31. Bxh6+ Kh7 32. Bg5 Nh5 (32... Qe7 {was necessary.} 33. Qf2 Ng4+ 34. fxg4 Qxg5) 33. Qe3 (33. g4 $142 Nf4 {[#]} 34. Qf2 $1) 33... Nf4 (33... f6) 34. Rd8 {[%emt 0:00:26] White is clearly winning.} Rxc3 35. Qf2 Rxd8 36. Rxd8 Qxd8 37. Bxd8 Rc1 38. Qh4+ Nh5 39. Bxf7 Bd2 {[%emt 0:00:45] [#]} 40. Bxg6+ $1 Kxg6 41. Qg4+ Kh6 42. Qe6+ Kh7 43. Qd7+ {[%emt 0:00:00] Weighted Error Value: White=0.26 (precise) /Black=0.38} 1-0